[Event "*** SCC Grand Prix: Titled Tuesday Blitz"]
[Site "Chess.com"]
[Date "2020.06.23"]
[Round "5"]
[White "pooh2012"]
[Black "OnePeculiarConundrum"]
[Result "1/2-1/2"]
[WhiteElo "2482"]
[BlackElo "2300"]
[TimeControl "180+1"]
[EndTime "10:56:04 PDT"]
[Termination "Game drawn by agreement"]

1. d4 d5 2. Nc3 Nf6 3. Bf4 e6 4. e3 c5 5. Nf3 a6 6. a4 Nc6 7. Ne5 Bd6 8. Nxc6 bxc6 9. dxc5 Bxc5 10. Bd3 O-O 11. O-O Re8 12. e4 e5 13. Bg5 Bb7 14. Qf3 h6 15. Bxf6 Qxf6 16. Qxf6 gxf6 17. Rfb1 a5 18.
Rd1 Rad8 19. Ne2 Bc8 20. Kf1 f5 21. f3 fxe4 22. fxe4 f5 23. exd5 cxd5 24. Bb5 Rf8 25. Nc1 e4 26. Nb3 Bb6 27. c4 dxc4 28. Bxc4+ Kg7 29.
Ke1 Kf6 30. Bb5 Be6 31. Nd2 Rc8 32. Rac1 Ke5 33. Nc4+ Bxc4 34. Bxc4 Rfd8 35. b3 Bc5 36.
Ke2 Bb4 37. g3 Rb8 38. Rxd8 Rxd8 39. Rd1 Rxd1 40. Kxd1 f4 41. gxf4+ Kxf4 42. Ke2 Bc5 43. h3 Ke5 44. Bb5 h5 45. Bc4 h4 46. Bb5 Kd6 47. Bc4 Ke5 48. Bb5 Kf4 49. Bc4 Kg3 50. Be6 e3 51. Bd7 Bb6 52. Be6 Bd4 53. Bd7 Kf4 54. Be6 Ke5 55. Bc4 Kd6 56. Bd3 Kd5 57. Kf3 Ke5 58.
Bc4 Kd6 59. Bd3 Kc5 60. Bc4 Kb4 61. Be6 Kc3 62. Ke2 Bb6 63. Bc4 1/2-1/2

[Event "*** SCC Grand Prix: Titled Tuesday Blitz"]
[Site "Chess.com"]
[Date "2020.06.23"]
[Round "5"]
[White "arvielozano"]
[Black "BikingBrian"]
[Result "1-0"]
[WhiteElo "1860"]
[BlackElo "2260"]
[TimeControl "180+1"]
[EndTime "10:56:04 PDT"]
[Termination "arvielozano won by resignation"]

1. Nf3 g6 2. g3 Bg7 3. Bg2 c5 4. O-O Nc6 5. d3 e5 6. Nbd2 Nge7 7. e4 d6 8. h3 O-O 9. Qe2 h6 10. Nh4 Kh7 11. f4 f5 12. c3 Rb8 13. Kh2 b5 14. exf5 gxf5 15. Qh5 Qe8 16. Qe2 Bd7 17. Bf3 Qc8 18.
Rg1 b4 19. Nc4 bxc3 20. bxc3 d5 21. Nxe5 Nxe5 22. fxe5 Nc6 23. Bf4 Be6 24. Bh5 Qc7 25. Bg6+ Kg8 26. Rae1 d4 27. c4 Rb7 28. Qh5 Rb2+ 29. Rg2 Rxg2+ 30. Kxg2 Ne7 31. Bxh6 Rb8 32. Bxg7 Rb2+ 33. Kg1 Nxg6 34. Qxg6 Qxg7 35. Qxe6+ Kh8 36. Qe8+ Kh7 37. Qh5+ Kg8 38. Nxf5 Qb7 39. Qg6+ Kf8 40. Qf6+ Ke8 41. Nd6+ Kd7 42. Nxb7 Rxb7 43. e6+ 1-0

[Event "*** SCC Grand Prix: Titled Tuesday Blitz"]
[Site "Chess.com"]
[Date "2020.06.23"]
[Round "5"]
[White "Supernotar"]
[Black "Sammed_Shete"]
[Result "1-0"]
[WhiteElo "2798"]
[BlackElo "2566"]
[TimeControl "180+1"]
[EndTime "10:56:05 PDT"]
[Termination "Supernotar won on time"]

1. d4 Nf6 2. c4 e6 3. Nf3 d5 4. e3 Be7 5. Nbd2 O-O 6. Bd3 c5 7. O-O cxd4 8. Nxd4 Nc6 9. Nxc6 bxc6 10. b3 e5 11.
cxd5 cxd5 12. Bb2 Bd6 13. e4 Bb7 14. Qe2 Qe7 15. Rfe1 Rfe8 16. exd5 Nxd5 17. g3 a6 18. Nc4 Bb4 19. Qxe5 Qf8 20. Qf5 Rxe1+ 21. Rxe1 g6 22. Qe5 f6 23. Qe6+ Qf7 24. Qxf7+ Kxf7 25. Rd1 Re8 26. Bf1 Ke6 27. a3 Bf8 28. Na5 Ba8 29. Bc4 Kd6 30. Bxf6 Kc5 31. b4+ Kd6 32. Bxa6 Ke6 33.
Bb2 1-0

[Event "*** SCC Grand Prix: Titled Tuesday Blitz"]
[Site "Chess.com"]
[Date "2020.06.23"]
[Round "5"]
[White "keshka01"]
[Black "dretch"]
[Result "1-0"]
[WhiteElo "2570"]
[BlackElo "2769"]
[TimeControl "180+1"]
[EndTime "10:56:05 PDT"]
[Termination "keshka01 won on time"]

1. d4 d5 2. Nf3 Nf6 3. Bf4 c5 4. e3 Nc6 5. Nbd2 Bg4 6. c3 e6 7.
Bb5 Qb6 8. Qa4 Nd7 9. Ne5 Ndxe5 10. Bxe5 a6 11. Bxc6+ Qxc6 12. Qxc6+ bxc6 13. f3 Bf5 14. e4 Bg6 15. dxc5 f6 16. Bd4 e5 17. Be3 a5 18. a4 Rb8 19. Rb1 f5 20. b4 fxe4 21. fxe4 Be7 22. b5 Kd7 23. Ke2 Ke6 24. bxc6 Bh5+ 25.
Kd3 dxe4+ 26. Kc2 Kd5 27. c7 Rbc8 28. Rb6 Be2 29. Kb3 Bxc5 30. c4+ Bxc4+ 31. Nxc4 1-0

[Event "*** SCC Grand Prix: Titled Tuesday Blitz"]
[Site "Chess.com"]
[Date "2020.06.23"]
[Round "5"]
[White "Chigorinetz"]
[Black "Gajuchess"]
[Result "1-0"]
[WhiteElo "2547"]
[BlackElo "2754"]
[TimeControl "180+1"]
[EndTime "10:56:06 PDT"]
[Termination "Chigorinetz won by resignation"]

1. e4 c6 2. d4 d5 3. f3 e6 4. Nc3 Bb4 5. a3 Bxc3+ 6. bxc3 Qa5 7. Bd2 Qa4 8. Bd3 b6 9. Ne2 Ba6 10. O-O Bxd3 11. cxd3 Qxd1 12. Rfxd1 Nd7 13. a4 a6 14. c4 Ne7 15. Bb4 Nf6 16. Rdb1 Nc8 17. g4 h6 18. h4 Kd7 19. Kf2 Kc7 20. Rh1 g6 21. Bd2 h5 22. Bf4+ Kd7 23. Be5 Nxg4+ 24. fxg4 Rh7 25. gxh5 Rxh5 26. Ke3 Rh7 27. Rab1 Ke7 28. Rhf1 Ke8 29. Bf6 Kd7 30. Ng1 dxc4 31. dxc4 Nd6 32. c5 b5 1-0

[Event "*** SCC Grand Prix: Titled Tuesday Blitz"]
[Site "Chess.com"]
[Date "2020.06.23"]
[Round "5"]
[White "kirillshevchenko"]
[Black "Harry_Rakkel"]
[Result "1-0"]
[WhiteElo "2919"]
[BlackElo "2567"]
[TimeControl "180+1"]
[EndTime "10:56:06 PDT"]
[Termination "kirillshevchenko won on time"]

1. Nf3 d5 2. b3 Bg4 3. Bb2 Nd7 4.
e3 e6 5. h3 Bxf3 6. Qxf3 Ngf6 7. c4 Be7 8. Be2 O-O 9. O-O a5 10. Nc3 c6 11. d4 Bb4 12. Rad1 Bxc3 13. Bxc3 Ne4 14. Be1 g5 15. Bd3 f5 16. Qe2 Qc7 17. f3 Ng3 18. Bxg3 Qxg3 19. e4 fxe4 20. fxe4 Rxf1+ 21. Rxf1 Rf8 22. exd5 Rxf1+ 23. Qxf1 Qe3+ 24. Kh1 exd5 25. cxd5 cxd5 26. Qf5 Qc1+ 27. Bf1 Nf8 28. Qxd5+ Kh8 29. Qe5+ Kg8 30. Qd5+ Kg7 31. Qf3 Ng6 32. Kh2 Qc7+ 33. g3 1-0

[Event "*** SCC Grand Prix: Titled Tuesday Blitz"]
[Site "Chess.com"]
[Date "2020.06.23"]
[Round "5"]
[White "gmcorrales"]
[Black "topotun"]
[Result "0-1"]
[WhiteElo "2811"]
[BlackElo "2706"]
[TimeControl "180+1"]
[EndTime "10:56:07 PDT"]
[Termination "topotun won on time"]

1. e4 c5 2. Nf3 e6 3. d4 cxd4 4. Nxd4 Nc6 5. Nc3 Qc7 6. Be3 a6 7. Qd2 Nf6 8. O-O-O b5 9. Nxc6 Qxc6 10. e5 b4 11. Ne2 Nd5 12. Nd4 Qc7 13. f4 Bb7 14.
Bf2 g6 15. h4 h5 16. Kb1 Bh6 17. Ne2 Rc8 18. Rc1 a5 19. Rh3 a4 20. Rd3 O-O 21. g3 a3 22. b3 Ba6 23. Rd4 d6 24. Rxd5 exd5 25. exd6 Qxd6 26. Be3 Bxe2 27. Bxe2 Bg7 28.
Bd4 Bxd4 29. Qxd4 Qc5 30. Qxc5 Rxc5 31. Rd1 Re8 32. Bf3 Re3 33. Bxd5 Rxd5 0-1

[Event "*** SCC Grand Prix: Titled Tuesday Blitz"]
[Site "Chess.com"]
[Date "2020.06.23"]
[Round "5"]
[White "iverichighladze"]
[Black "akashcheck"]
[Result "1-0"]
[WhiteElo "2445"]
[BlackElo "2219"]
[TimeControl "180+1"]
[EndTime "10:56:07 PDT"]
[Termination "iverichighladze won by resignation"]

1. d4 d5 2. c4 c6 3. Nf3 Nf6 4. Nc3 dxc4 5. a4 Bf5 6. Ne5 Nbd7 7. Nxc4 Qc7 8. g3 e5 9. dxe5 Nxe5 10. Bf4 Nfd7 11.
Nxe5 Nxe5 12. Qd4 f6 13. a5 a6 14. Bg2 Rd8 15. Qa4 Bd6 16. O-O O-O 17. Rac1 Qe7 18.
Qb3+ Qf7 19. Qxf7+ Kxf7 20. Na4 Bb4 21. Nc5 Bc8 22. Nb3 Be6 23. Nc5 Bc8 24. Bxe5 fxe5 25. f4 Ke7 26. Nd3 Bxa5 27. Nxe5 Rd2 28. Nc4 Be6 29.
Nxa5 Rxb2 30. Rb1 Rxb1 31. Rxb1 b5 32. Bxc6 Rd8 33. Kf2 Rd2 34. Bb7 Ra2 35. Nc6+ Kd6 36. Nb4 Ra4 37. Bxa6 Bc4 38. Bb7 Kc5 39. Nd3+ Bxd3 40.
exd3 Ra2+ 41. Ke3 Rxh2 42. d4+ Kb6 43. Be4 h5 44. Bd3 Rh3 45. Rxb5+ Kc6 46. Rg5 1-0

[Event "*** SCC Grand Prix: Titled Tuesday Blitz"]
[Site "Chess.com"]
[Date "2020.06.23"]
[Round "5"]
[White "sertalzin"]
[Black "Mikhal867"]
[Result "0-1"]
[WhiteElo "2024"]
[BlackElo "2319"]
[TimeControl "180+1"]
[EndTime "10:56:07 PDT"]
[Termination "Mikhal867 won on time"]

1. d4 g6 2. c4 Bg7 3. e4 d6 4. Nc3 Nd7 5. f4 e5 6. fxe5 dxe5 7. d5 Ne7 8. Nf3 O-O 9. Bd3 Nc5 10. Bc2 f5 11. Be3 Nxe4 12. Nxe4 fxe4 13. Bxe4 Nf5 14. Bc5 Rf7 15. O-O b6 16. Bf2 Nd6 17. Bh4 Qf8 18. Qc2 Nxe4 19. Qxe4 Rf4 20. Qe3 e4 21. Ng5 Be5 22.
Bg3 Rxf1+ 23. Rxf1 Qg7 24. Qxe4 Bd4+ 25. Kh1 Bf5 26.
Rxf5 gxf5 27. Qe6+ Kf8 28. Bxc7 Qxc7 29. Qxf5+ Ke8 30.
Ne6 Qe5 31. Qf8+ Kd7 32. Qf7+ Kd6 0-1

[Event "*** SCC Grand Prix: Titled Tuesday Blitz"]
[Site "Chess.com"]
[Date "2020.06.23"]
[Round "5"]
[White "manitodeplomo"]
[Black "crossingthestreet"]
[Result "1-0"]
[WhiteElo "2546"]
[BlackElo "2380"]
[TimeControl "180+1"]
[EndTime "10:56:09 PDT"]
[Termination "manitodeplomo won by checkmate"]

1. e4 e6 2. d4 d5 3. e5 c5 4. c3 Nc6 5. Nf3 Bd7 6. a3 f6 7. b4 fxe5 8. dxe5 a6 9. Bd3 Nge7 10. O-O Ng6 11. Re1 Be7 12. bxc5 Bxc5 13. c4 dxc4 14.
Bxc4 O-O 15. Nc3 Qc7 16. Nd5 Qd8 17. Bg5 Qa5 18. Nb4 Ncxe5 19. Nxe5 Bxf2+ 20. Kh1 Nxe5 21. Re4 Rac8 22. Bb3 Rf5 23. Bf4 Bc6 24. Nxc6 Rxc6 25. Rc1 Rxc1 26. Qxc1 Kf7 27. Qc8 Kf6 28. Qxe6# 1-0

[Event "*** SCC Grand Prix: Titled Tuesday Blitz"]
[Site "Chess.com"]
[Date "2020.06.23"]
[Round "5"]
[White "ArnieChipmunk"]
[Black "gumimis"]
[Result "0-1"]
[WhiteElo "2326"]
[BlackElo "2157"]
[TimeControl "180+1"]
[EndTime "10:56:11 PDT"]
[Termination "gumimis won by resignation"]

1. e4 c5 2. Nf3 d6 3. d4 cxd4 4. Nxd4 Nf6 5. Nc3 a6 6. Bg5 e6 7. f4 h6 8. Bh4 Qb6 9. Qd2 Qxb2 10. Rb1 Qa3 11. f5 Be7 12. fxe6 fxe6 13. Bc4 Nxe4 14.
Nxe4 Bxh4+ 15. g3 Bg5 16. Nxg5 hxg5 17. O-O Qc5 18. Qf2 Qxc4 19. Qf7+ Kd8 20. Qxg7 Re8 21. Qxg5+ Kc7 22. Qa5+ Kd7 23. Rf7+ Re7 24. Rxe7+ Kxe7 25. Qg5+ Kd7 26. Qg7+ Kd8 27. Qf8+ Kc7 28. Qg7+ Bd7 29. Re1 e5 30. Nb3 Nc6 31. Qg5 Rf8 32. Qe3 0-1

[Event "*** SCC Grand Prix: Titled Tuesday Blitz"]
[Site "Chess.com"]
[Date "2020.06.23"]
[Round "5"]
[White "Kislov_Oleg"]
[Black "iaraldinho"]
[Result "0-1"]
[WhiteElo "2378"]
[BlackElo "2551"]
[TimeControl "180+1"]
[EndTime "10:56:12 PDT"]
[Termination "iaraldinho won on time"]

1. e4 c5 2. Nf3 a6 3. c3 d5 4. exd5 Qxd5 5. d4 cxd4 6. cxd4 Nf6 7. Nc3 Qd6 8. Bg5 Nc6 9. Be2 e6 10. O-O Be7 11. Re1 O-O 12. Rc1 Rd8 13. Be3 b5 14. Bd3 Bb7 15. Ne4 Nxe4 16. Bxe4 Rac8 17. a3 g6 18. Ne5 Nxd4 19. Bxd4 Rxc1 20. Qxc1 Bxe4 21. Rxe4 Bf6 22. Nf3 e5 23. Bc3 Qd5 24. Re1 Rc8 25.
Qe3 Re8 26. Qe4 Qb3 27. g4 a5 28. h4 h6 29. g5 hxg5 30. hxg5 Bg7 31. Kg2 Qe6 32.
Nxe5 b4 33. axb4 axb4 34. Bd4 Qd6 35. Qf4 Qd5+ 36. Kg3 Rd8 37. Nf3 Bxd4 38. Rd1 Bxf2+ 39. Kxf2 Qxd1 40. Qxb4 Re8 0-1

[Event "*** SCC Grand Prix: Titled Tuesday Blitz"]
[Site "Chess.com"]
[Date "2020.06.23"]
[Round "5"]
[White "Pavel_Mir"]
[Black "Panterov"]
[Result "1-0"]
[WhiteElo "2346"]
[BlackElo "2160"]
[TimeControl "180+1"]
[EndTime "10:56:12 PDT"]
[Termination "Pavel_Mir won by resignation"]

1. e4 d6 2. d4 g6 3. Nc3 Bg7 4. h4 h5 5. Bc4 a6 6. Nh3 b5 7.
Bb3 Bb7 8. Ng5 e6 9. Qf3 Nf6 10. Be3 Nbd7 11. Qh3 Qe7 12. f3 c5 13. e5 cxd4 14.
exf6 Bxf6 15. Nce4 dxe3 16. O-O-O d5 17. Nxf6+ Qxf6 18.
Rhe1 d4 19. Bxe6 fxe6 20. Nxe6 Ke7 21. Nxd4 Rad8 22. Rxe3+ Kf7 23. Ne6 Bc8 24. Rde1 Rde8 25.
Ng5+ Qxg5 26. hxg5 Ne5 27. Qg3 Kg7 28. Rxe5 1-0

[Event "*** SCC Grand Prix: Titled Tuesday Blitz"]
[Site "Chess.com"]
[Date "2020.06.23"]
[Round "5"]
[White "Azoulas1"]
[Black "Walter_White_Poland"]
[Result "0-1"]
[WhiteElo "2019"]
[BlackElo "2211"]
[TimeControl "180+1"]
[EndTime "10:56:12 PDT"]
[Termination "Walter_White_Poland won by checkmate"]

1. e4 e6 2. d4 d5 3. Nc3 Nf6 4.
e5 Nfd7 5. f4 c5 6. Nf3 Nc6 7.
Be3 Be7 8. Qd2 O-O 9. Be2 a6 10.
O-O b5 11. Nd1 b4 12. Kh1 a5 13. Nf2 Ba6 14. Bxa6 Rxa6 15. Ng4 f5 16. exf6 Nxf6 17. Nxf6+ Bxf6 18. Ne5 cxd4 19. Bxd4 Nxd4 20. Qxd4 Qc7 21. c3 bxc3 22. bxc3 Rc6 23. Rae1 Rxc3 24. Qa4 Bxe5 25.
fxe5 Rxf1+ 26. Rxf1 Qe7 27. Qxa5 Rc8 28. Qa6 Rd8 29.
Qc6 d4 30. Rb1 d3 31. Rd1 Qd7 32. Qc4 Qd5 33. Qc7 Rf8 34. Qc3 h6 35. h3 Rf2 36.
Rd2 Qxg2# 0-1

[Event "*** SCC Grand Prix: Titled Tuesday Blitz"]
[Site "Chess.com"]
[Date "2020.06.23"]
[Round "5"]
[White "Grineva_Marianna"]
[Black "IM_Tissir"]
[Result "0-1"]
[WhiteElo "2195"]
[BlackElo "2472"]
[TimeControl "180+1"]
[EndTime "10:56:13 PDT"]
[Termination "IM_Tissir won by resignation"]

1. e4 c5 2. Nf3 d6 3. d4 cxd4 4. Nxd4 Nf6 5. Nc3 a6 6. Bg5 e6 7. f4 Nbd7 8. Qd2 h6 9. Bh4 Nxe4 10. Bxd8 Nxd2 11. Bc7 Nxf1 12. Rxf1 d5 13. O-O-O Bb4 14.
f5 Nf6 15. fxe6 fxe6 16. Be5 O-O 17. h3 Bxc3 18. bxc3 Ne4 19. Kb2 Rxf1 20. Rxf1 Bd7 21. Re1 Rc8 22. Re3 b5 23. a3 a5 24. Nf3 a4 25. Bd4 Nd6 26. Ka2 Nf5 27. Re2 Nxd4 28. cxd4 Kf7 29. Kb2 Ke7 30. c3 Rf8 31. Kc2 Rf4 32.
Re3 Be8 33. Kd2 Bg6 34. Ne5 Be4 35. Rg3 g5 36. Nd3 Rf1 37. Nc5 Rf2+ 38. Ke3 Ra2 39.
Nxe4 dxe4 40. Kxe4 Rxa3 41. Re3 b4 42. d5 Rxc3 43.
Rxc3 exd5+ 44. Kd3 bxc3 45. Kxc3 Kd6 0-1

[Event "*** SCC Grand Prix: Titled Tuesday Blitz"]
[Site "Chess.com"]
[Date "2020.06.23"]
[Round "5"]
[White "mfwagnerpeixoto"]
[Black "Chernov_Mikhail"]
[Result "1-0"]
[WhiteElo "2206"]
[BlackElo "2337"]
[TimeControl "180+1"]
[EndTime "10:56:14 PDT"]
[Termination "mfwagnerpeixoto won by checkmate"]

1. d4 d5 2. c4 Nc6 3. cxd5 Qxd5 4. Nf3 e5 5. Nc3 Bb4 6. Bd2 Bxc3 7. Bxc3 e4 8. Ne5 Nxe5 9. dxe5 Qxd1+ 10. Rxd1 Be6 11. b3 Ne7 12. Rd4 e3 13. fxe3 Nf5 14. Rb4 O-O-O 15. Kf2 Rd1 16. g3 Bd5 17. Rg1 c5 18. Rb5 Bc6 19.
Rxc5 Kb8 20. Bh3 Rxg1 21. Kxg1 Nxe3 22. e6 fxe6 23. Bxg7 Rd8 24. Be5+ Ka8 25. Bxe6 Rd1+ 26. Kf2 Nd5 27. Bxd5 Bxd5 28. Rc8# 1-0

[Event "*** SCC Grand Prix: Titled Tuesday Blitz"]
[Site "Chess.com"]
[Date "2020.06.23"]
[Round "5"]
[White "nitpicker"]
[Black "QueenOfTactics90"]
[Result "0-1"]
[WhiteElo "2157"]
[BlackElo "1945"]
[TimeControl "180+1"]
[EndTime "10:56:14 PDT"]
[Termination "QueenOfTactics90 won by resignation"]

1. d4 Nf6 2. c4 e6 3. g3 d5 4.
Nf3 c5 5. cxd5 exd5 6. Bg2 Nc6 7.
O-O Be6 8. b3 b6 9. Bb2 Be7 10.
Nbd2 O-O 11. Rc1 Nxd4 12. Nxd4 cxd4 13. Bxd4 Rc8 14. Rxc8 Qxc8 15. Qb1 Qa6 16. Re1 Rc8 17. e4 dxe4 18. Nxe4 Nxe4 19. Bxe4 Bb4 20. Bxh7+ Kf8 21. Re3 Bd2 22. Qb2 Bxe3 23. Bxg7+ Ke8 24. fxe3 Bh3 25.
Qe5+ Be6 26. Qb2 Qa5 27. Kf2 Qh5 28. Be4 Qxh2+ 29. Bg2 Qh7 30. Bc3 Qf5+ 31. Kg1 Qd3 32. Bd4 Rc2 33. Qa3 Qd1+ 34. Bf1 Bd5 35. Qa4+ Bc6 0-1

[Event "*** SCC Grand Prix: Titled Tuesday Blitz"]
[Site "Chess.com"]
[Date "2020.06.23"]
[Round "5"]
[White "otrov-11"]
[Black "Escanor89"]
[Result "0-1"]
[WhiteElo "2395"]
[BlackElo "2562"]
[TimeControl "180+1"]
[EndTime "10:56:16 PDT"]
[Termination "Escanor89 won by resignation"]

1. d4 Nf6 2. c4 g6 3. Nc3 Bg7 4. e4 d6 5. f4 O-O 6. Nf3 c5 7.
d5 e6 8. Be2 exd5 9. cxd5 Re8 10. Nd2 Na6 11. O-O Nc7 12. a4 a6 13. a5 Rb8 14.
Bf3 Nb5 15. Re1 Nd7 16. Nxb5 axb5 17. Qb3 b4 18. Nc4 Qc7 19. Be3 b5 20. axb6 Nxb6 21.
Bf2 Bd7 22. Nxb6 Qxb6 23. Rac1 Rbc8 24. Kh1 Qb5 25. Be2 Qa4 26. Bc4 Qxb3 27. Bxb3 Bxb2 28. Rc2 Bc3 29. Rxc3 bxc3 30. Bc2 Rb8 31. e5 Rb2 32.
Re2 Bg4 0-1

[Event "*** SCC Grand Prix: Titled Tuesday Blitz"]
[Site "Chess.com"]
[Date "2020.06.23"]
[Round "5"]
[White "letsgoband"]
[Black "Orest_Vovk"]
[Result "1-0"]
[WhiteElo "2559"]
[BlackElo "2392"]
[TimeControl "180+1"]
[EndTime "10:56:19 PDT"]
[Termination "letsgoband won on time"]

1. e4 g5 2. d4 g4 3. h3 d5 4. e5 gxh3 5. Nxh3 c5 6. c3 Nc6 7. Nf4 cxd4 8. cxd4 Bf5 9. Nc3 e6 10. g4 Be4 11. f3 Bg6 12. Nxg6 fxg6 13. Be3 Qb6 14. Na4 Qa5+ 15. Kf2 O-O-O 16. a3 Kb8 17. b4 Qc7 18. Rc1 Qf7 19. Qd2 h5 20. Be2 Bg7 21.
Kg3 hxg4 22. fxg4 Rxh1 23. Rxh1 Nge7 24. b5 Nxe5 25. dxe5 Bxe5+ 26. Bf4 Bxf4+ 27. Qxf4+ Qxf4+ 28. Kxf4 Nc8 29. Ke5 d4 30. Bd3 Rd5+ 31. Kxe6 Rg5 32. Rh8 Kc7 33. Rh7+ Kb8 34. Rg7 Rxg4 35. Rxg6 Rxg6+ 36.
Bxg6 1-0

[Event "*** SCC Grand Prix: Titled Tuesday Blitz"]
[Site "Chess.com"]
[Date "2020.06.23"]
[Round "5"]
[White "allvim"]
[Black "Shuvalov"]
[Result "0-1"]
[WhiteElo "2212"]
[BlackElo "2451"]
[TimeControl "180+1"]
[EndTime "10:56:19 PDT"]
[Termination "Shuvalov won on time"]

1. e4 e6 2. d4 d5 3. Nd2 Nf6 4. e5 Nfd7 5. Bd3 c5 6. c3 Nc6 7. Ne2 cxd4 8. cxd4 f6 9. exf6 Nxf6 10. Nf3 Bd6 11. O-O Qc7 12. g3 O-O 13. Bf4 Ng4 14.
Bxd6 Qxd6 15. Nc3 e5 16. dxe5 Ncxe5 17. Nxe5 Nxe5 18. Nxd5 Bh3 19. Qh5 Nf3+ 20. Kh1 Qh6 21. Qxh6 gxh6 22. Rfd1 Ne5 23. f4 Ng4 24. Rd2 Rad8 25.
Bc4 Kg7 26. Ne7 Rxd2 0-1

[Event "*** SCC Grand Prix: Titled Tuesday Blitz"]
[Site "Chess.com"]
[Date "2020.06.23"]
[Round "5"]
[White "dosto07"]
[Black "Kapitan_Bayan"]
[Result "0-1"]
[WhiteElo "2160"]
[BlackElo "2443"]
[TimeControl "180+1"]
[EndTime "10:56:19 PDT"]
[Termination "Kapitan_Bayan won by resignation"]

1. e4 Nc6 2. Nf3 d6 3. d4 Bg4 4. Bb5 a6 5. Bxc6+ bxc6 6. Nc3 g6 7. h3 Bxf3 8. Qxf3 Bg7 9. Be3 Nf6 10. O-O-O d5 11. e5 Nd7 12. h4 O-O 13. h5 e6 14.
hxg6 fxg6 15. Qh3 Kf7 16. Qf3+ Kg8 17. Qg4 Qe7 18. Bg5 Qf7 19. f4 c5 20. Ne2 a5 21.
Rh3 h5 22. Qf3 cxd4 23. Nxd4 c5 24. Ne2 Qf5 25. Rh4 Nxe5 26. Qa3 Nc4 27. Qa4 Bxb2+ 28. Kb1 Rab8 29. Qd7 Bd4+ 30. Kc1 Be3+ 0-1

[Event "*** SCC Grand Prix: Titled Tuesday Blitz"]
[Site "Chess.com"]
[Date "2020.06.23"]
[Round "5"]
[White "annamaja"]
[Black "Thej11"]
[Result "1-0"]
[WhiteElo "2239"]
[BlackElo "2359"]
[TimeControl "180+1"]
[EndTime "10:56:20 PDT"]
[Termination "annamaja won by checkmate"]

1. e4 c6 2. d4 d5 3. exd5 cxd5 4. Nf3 Nc6 5. Bb5 Bg4 6. h3 Bxf3 7. Qxf3 e6 8. O-O Bd6 9. Bf4 Ne7 10. Nd2 O-O 11.
c3 Bxf4 12. Qxf4 Qb6 13. Bxc6 Nxc6 14. Nb3 a5 15. Rab1 Qb5 16. Rfe1 b6 17. Re3 Rfe8 18. Rg3 Ne7 19. Rf3 Rf8 20. g4 a4 21. Nd2 a3 22. bxa3 Qc6 23. Rb3 Ng6 24. Qg3 Ra4 25. h4 Rfa8 26. h5 Nf8 27. Qf4 R8a7 28. g5 Qc7 29. Qxc7 Rxc7 30. Rxb6 Rxa3 31. Rb8 Rxa2 32. Nb3 Rb2 33. g6 hxg6 34. hxg6 f6 35. Re3 Rc6 36.
Rh3 e5 37. Rh8+ Kxh8 38. Rxf8# 1-0

[Event "*** SCC Grand Prix: Titled Tuesday Blitz"]
[Site "Chess.com"]
[Date "2020.06.23"]
[Round "5"]
[White "baby_leo"]
[Black "imdarealist"]
[Result "0-1"]
[WhiteElo "1965"]
[BlackElo "2309"]
[TimeControl "180+1"]
[EndTime "10:56:20 PDT"]
[Termination "imdarealist won on time"]

1. Nf3 d5 2. d4 Nf6 3. c4 e6 4. Nc3 Be7 5. Bf4 O-O 6. e3 b6 7. cxd5 Nxd5 8. Nxd5 Qxd5 9. a3 c5 10. dxc5 Qxd1+ 11. Rxd1 bxc5 12. Bb5 Ba6 13. Bxa6 Nxa6 14.
O-O Rfd8 15. h3 c4 16. Rc1 Rac8 17. Ne5 c3 18. Rxc3 Rxc3 19. bxc3 Rc8 20. c4 f6 21. Nd3 e5 22. Bg3 Rxc4 23. f4 e4 24. Nb2 Rc3 25. a4 Bc5 26. Nd1 Ra3 27. Bf2 Rxa4 28. Nc3 Rc4 29.
Ra1 Nb4 30. Na4 Nc2 31. Rc1 Ba3 32. Rb1 Rxa4 0-1

[Event "*** SCC Grand Prix: Titled Tuesday Blitz"]
[Site "Chess.com"]
[Date "2020.06.23"]
[Round "5"]
[White "Unknown_IM"]
[Black "AndreyNeves"]
[Result "0-1"]
[WhiteElo "2375"]
[BlackElo "2215"]
[TimeControl "180+1"]
[EndTime "10:56:21 PDT"]
[Termination "AndreyNeves won by resignation"]

1. d4 d5 2. c4 e6 3. Nc3 Be7 4. Bf4 Nf6 5. Nf3 O-O 6. c5 Ne4 7. Qc2 f5 8. e3 a6 9. Bd3 Nc6 10.
a3 g5 11. Be5 g4 12. Nd2 Nxe5 13. dxe5 Nxc5 14. O-O Nxd3 15. Qxd3 c5 16. f4 b5 17. Ne2 a5 18. Rfc1 Ba6 19. Qc2 b4 20. Ng3 c4 21. Nb1 Bc5 22. Re1 Qb6 23. Kf2 d4 24.
Nf1 Rad8 25. exd4 Bxd4+ 26. Ne3 Rd7 27. axb4 axb4 28. Qa4 Bxe3+ 29. Rxe3 Bb5 30. Qc2 Rfd8 31. b3 c3 32. h3 Rd2+ 33. Nxd2 Rxd2+ 34. Qxd2 cxd2 35.
Rd1 Qd4 36. hxg4 fxg4 37. g3 h5 38. f5 exf5 39. e6 f4 0-1

[Event "*** SCC Grand Prix: Titled Tuesday Blitz"]
[Site "Chess.com"]
[Date "2020.06.23"]
[Round "5"]
[White "chenxiaoyuer"]
[Black "NotFischer"]
[Result "1-0"]
[WhiteElo "2366"]
[BlackElo "2196"]
[TimeControl "180+1"]
[EndTime "10:56:21 PDT"]
[Termination "chenxiaoyuer won by resignation"]

1. e4 d5 2. exd5 Nf6 3. Bb5+ Nbd7 4. Be2 Nxd5 5. d4 N7b6 6. c4 Nf6 7. Nf3 Bg4 8. b3 e6 9. O-O Be7 10. Be3 O-O 11.
Ne5 Bf5 12. Nc3 Nbd7 13. f4 Nxe5 14. fxe5 Ne4 15. Nxe4 Bxe4 16. Bf3 Bxf3 17. Qxf3 Bg5 18. Bf2 c6 19. Rae1 Qe7 20. Re4 Rad8 21. Rg4 Bh6 22. Bh4 Qd7 23. Bxd8 Qxd8 24. Kh1 Qd7 25. Rh4 Kh8 26.
Rxh6 gxh6 27. Qf6+ Kg8 28. Rf3 1-0

[Event "*** SCC Grand Prix: Titled Tuesday Blitz"]
[Site "Chess.com"]
[Date "2020.06.23"]
[Round "5"]
[White "Carolina-moon"]
[Black "pavlitas17"]
[Result "0-1"]
[WhiteElo "2037"]
[BlackElo "2321"]
[TimeControl "180+1"]
[EndTime "10:56:22 PDT"]
[Termination "pavlitas17 won on time"]

1. Nc3 g6 2. d4 Bg7 3. e4 d5 4.
exd5 Nf6 5. Bc4 Nbd7 6. Bb3 Nb6 7.
Qf3 O-O 8. Nge2 a5 9. a4 Bg4 10.
Qd3 Bxe2 11. Qxe2 Nfxd5 12. Nxd5 Nxd5 13. O-O e6 14. c3 Qf6 15. Re1 c6 16. Qg4 h6 17.
Qg3 Rfe8 18. Bd2 g5 19. Re2 Nf4 20. Bxf4 gxf4 21. Qf3 Qg5 22. Rae1 h5 23. Re4 e5 24. dxe5 Rxe5 25. Rxe5 Bxe5 26. g3 Kg7 27. Kh1 Rf8 28. gxf4 Qxf4 29. Rg1+ Kh6 30. Qh3 Qe4+ 31. Qg2 Qxg2+ 32.
Rxg2 f5 0-1

[Event "*** SCC Grand Prix: Titled Tuesday Blitz"]
[Site "Chess.com"]
[Date "2020.06.23"]
[Round "5"]
[White "Diego_FloresQ"]
[Black "c63_amg"]
[Result "1-0"]
[WhiteElo "2479"]
[BlackElo "2747"]
[TimeControl "180+1"]
[EndTime "10:56:23 PDT"]
[Termination "Diego_FloresQ won on time"]

1. e4 c5 2. Nf3 d6 3. d4 cxd4 4. Nxd4 Nf6 5. Nc3 a6 6. Bg5 Nbd7 7.
Qe2 h6 8. Bh4 g6 9. f4 e5 10.
fxe5 dxe5 11. O-O-O Qc7 12. Nb3 b5 13. Nd5 Nxd5 14.
exd5 Bd6 15. Kb1 O-O 16. g4 Kg7 17. Bg2 a5 18. Nd2 Nc5 19. Rhf1 f5 20. gxf5 Bxf5 21. Ne4 Rac8 22. Ng3 Bd7 23. Ne4 Bf5 24. Ng3 Bd7 25.
Rg1 Rf4 26. Nh5+ gxh5 27. Qxh5 Bg4 28. Bh3 Ne4 29. Rxg4+ Ng5 30. Rxg5+ hxg5 31. Qxg5+ Kh7 32. Qh5+ 1-0